 Dungeon Crawl Stone Soup version 0.26-a0-854-gdc81c2f471 (webtiles) character file.

Game seed: 5670458604811265984

22 iamoutofideas the Covert (level 2, -8/29 HPs)
             Began as a Gnoll Delver on Nov 23, 2020.
             Mangled by a troll (12 damage)
             ... on level 5 of the Dungeon.
             The game lasted 00:01:00 (591 turns).

iamoutofideas the Covert (Gnoll Delver)              Turns: 591, Time: 00:01:01

Health: -8/29      AC:  3    Str: 14    XL:     2   Next: 91%
Magic:  2/2        EV: 14    Int: 12    God:
Gold:   8          SH:  0    Dex: 16    Spells: 2/2 levels left

rFire    . . .     SeeInvis .   a - +0 hand axe
rCold    . . .     Faith    .   (no shield)
rNeg     . . .     Spirit   .   b - +0 leather armour
rPois    .         Reflect  .   l - +0 hat
rElec    .         Harm     .   (no cloak)
rCorr    .         Rampage  .   (no gloves)
MR       .....                  (no boots)
Stlth    ++++......             (no amulet)
HPRegen  0.09/turn              (no ring)
MPRegen  0.08/turn              (no ring)

@: no status effects
A: distributed training, fangs 1, strong nose
a: no special abilities


You were on level 5 of the Dungeon.
You visited 2 branches of the dungeon, and saw 2 of its levels.

You collected 8 gold pieces.

Inventory:

Hand Weapons
 a - a +0 hand axe (weapon)
Armour
 b - a +0 leather armour (worn)
 l - a +0 hat (worn)
Wands
 g - a wand of digging (3)
 k - a wand of random effects (15)
Scrolls
 c - a scroll of fog
 d - a scroll of magic mapping
 e - a scroll of fear
 h - a scroll of identify {unknown}
 j - a scroll of random uselessness {unknown}
Potions
 f - a potion of haste
 i - a potion of mutation {unknown}


   Skills:
 + Level 6.5 Fighting
 + Level 0.5 Short Blades
 + Level 0.5 Long Blades
 + Level 4.5 Axes
 + Level 0.5 Maces & Flails
 + Level 0.5 Polearms
 + Level 0.5 Staves
 + Level 0.5 Slings
 + Level 0.5 Bows
 + Level 0.5 Crossbows
 + Level 0.5 Throwing
 + Level 0.5 Armour
 + Level 4.5 Dodging
 + Level 9.5 Stealth
 + Level 0.5 Shields
 + Level 0.5 Unarmed Combat
 + Level 0.5 Spellcasting
 + Level 0.4 Conjurations
 + Level 0.4 Hexes
 + Level 0.4 Summonings
 + Level 0.4 Necromancy
 + Level 0.4 Translocations
 + Level 0.4 Transmutations
 + Level 0.4 Fire Magic
 + Level 0.4 Ice Magic
 + Level 0.4 Air Magic
 + Level 0.4 Earth Magic
 + Level 0.4 Poison Magic
 + Level 0.7 Invocations
 + Level 0.5 Evocations


You had 2 spell levels left.
You didn't know any spells.
Your spell library was empty.

Dungeon Overview and Level Annotations

Branches:
Dungeon (5/15)             Temple (1/1) D:5

Altars:
Ashenzari
Elyvilon
Fedhas
Hepliaklqana
Kikubaaqudgha
Makhleb
Nemelex Xobeh
Okawaru
Ru
Sif Muna
Trog
Uskayaw
Vehumet
Wu Jian
Yredelemnul
Zin

Shops:
D:5 [


Innate Abilities, Weirdness & Mutations

Your experience applies equally to all skills.
You have very sharp teeth.
Your uncanny sense of smell can sniff out nearby items.


Message History

Press: ? - help, Shift-Dir - straight line, f/p - troll
Aim: a troll The troll seems to speed up.
The troll closely misses you. The troll claws you but does no damage.
The troll closely misses you.
The orc wizard mumbles some strange words.
The orc wizard blinks!
The troll closely misses you. The troll completely misses you.
The troll claws you!
The troll closely misses you. x2; The troll claws you but does no damage.
The orc wizard barely misses you.
The orc wizard hits you but does no damage.
The troll closely misses you. The troll claws you but does no damage.
The troll misses you.
The orc wizard mumbles some strange words.
The orc wizard blinks!
There is an open door here.
The troll bites you!
* * * LOW HITPOINT WARNING * * *
The troll claws you!
You die...

...#................ ######
...#........o.......
#....###...#########'######+
....................o.......
............................
............................
................oo..........
..##..####...###T###########
..##..####...###@.....#
..#.....#.....#.........
..#.....#.....'.........
..#.....#.....#.........
..##....##...##.......##
..##....##...##.......#
..#......#............#
..##....#######.......# ..
..##....#.....#.......+...


You could see a troll (fast), 2 orc wizards and 2 orcs.

Vanquished Creatures
  A worker ant (D:5)
1 creature vanquished.

Notes
Turn   | Place    | Note
-------+----------+-------------------------------------------
     0 | D:5      | Reached skill level 9 in Stealth
     0 | D:5      | iamoutofideas the Gnoll Delver began the quest for the Orb.
     0 | D:5      | Reached XP level 1. HP: 23/23 MP: 1/1
    46 | D:5      | Found a staircase to the Ecumenical Temple.
    63 | Temple   | Entered the Ecumenical Temple
   223 | D:5      | Found Niz Lutu's Armour Shoppe.
   306 | D:5      | Noticed a worker ant
   315 | D:5      | Killed a worker ant
   316 | D:5      | Reached XP level 2. HP: 24/29 MP: 2/2
   577 | D:5      | Noticed a troll
   591 | D:5      | Mangled by a troll

Illustrated notes

Levels and vault maps discovered:
D:5:      layout_gridville, minmay_temple_entry_wispy, serial_shops,
          nicolae_shop_crystal, feat_on_display
Temple:   eino_temple_scatter_basement

Skill      XL: | |
---------------+-+-----
Stealth        | |  9.5
Fighting       | |  6.5
Short Blades   | |  0.5
Long Blades    | |  0.5
Axes           | |  4.5
Maces & Flails | |  0.5
Polearms       | |  0.5
Staves         | |  0.5
Slings         | |  0.5
Bows           | |  0.5
Crossbows      | |  0.5
Throwing       | |  0.5
Armour         | |  0.5
Dodging        | |  4.5
Shields        | |  0.5
Unarmed Combat | |  0.5
Spellcasting   | |  0.5
Conjurations   | |  0.4
Hexes          | |  0.4
Summonings     | |  0.4
Necromancy     | |  0.4
Translocations | |  0.4
Transmutations | |  0.4
Fire Magic     | |  0.4
Ice Magic      | |  0.4
Air Magic      | |  0.4
Earth Magic    | |  0.4
Poison Magic   | |  0.4
Invocations    | |  0.7
Evocations     | |  0.5

Action                   || total
-------------------------++-------
Melee: Hand axe          ||     7
Evoke: Wand              ||     2
Armor: Leather armour    ||     4
Dodge: Dodged            ||    14

Table legend: (Time is in decaauts)
 A = Elapsed time spent in this place.
 B = Non-inter-level travel time spent in this place.
 C = Inter-level travel time spent in this place.
 D = Time resting spent in this place.
 E = Time spent auto-exploring this place.
 F = Levels seen in this place.
 G = Mean time per level.
                   A        B        C        D        E       F      G
               +--------+--------+--------+--------+--------+-----+--------+
         Total |    591 |    563 |     28 |     14 |    514 |   2 |  295.5 |
       Dungeon |    436 |    423 |     13 |     14 |    373 |   1 |  436.0 |
        Temple |    155 |    141 |     14 |      0 |    141 |   1 |  155.0 |
               +--------+--------+--------+--------+--------+-----+--------+

Top non-repeatable levels by time:
     D:5: 436 daAuts
  Temple: 155 daAuts
